 Dungeon Crawl Stone Soup version 0.32-a0-20-ge526923d97 (webtiles) character file.

Game seed: 17022362348919914712

3235 LeprechaunX the Changeling (level 9, -1/61 HPs)
             Began as an Octopode Shapeshifter on Jan 17, 2024.
             Was a Believer of Qazlal.
             Killed from afar by an orc wizard (14 damage)
             ... with a puff of flame
             ... on level 7 of the Dungeon.
             The game lasted 00:09:27 (7002 turns).

LeprechaunX the Changeling (Octopode Shapeshifter)  Turns: 7002, Time: 00:09:27

Health: -1/61      AC:  1    Str: 15      XL:     9   Next: 98%
Magic:  12/12      EV: 15    Int: 12      God:    Qazlal [**....]
Gold:   345        SH: 14    Dex: 18 (20) Spells: 9/9 levels left

rFire   . .          .
                       - Unarmed
rCold   . . .        i - +0 buckler
rNeg    + . .        (helmet currently unavailable)
rPois   +            e - amulet of reflection
rElec   .            p - ring of positive energy
rCorr   .            y - ring of poison resistance
SInv    .            G - +6 ring of dexterity
Will    .....        (no ring)
Stlth   ++           (no ring)
HPRegen 0.30/turn    (no ring)
MPRegen 0.13/turn    (no ring)
                     (no ring)

%: reflection
@: beast-form
A: beast (slay +4), almost no armour, amphibious, 8 rings, camouflage 1,
gelatinous body 1, (nimble swimmer 1), tentacles
a: Begin Untransformation, Renounce Religion, Upheaval


You were on level 7 of the Dungeon.
You worshipped Qazlal.
Qazlal was pleased with you.
You were a hulking beast.
You visited 2 branches of the dungeon, and saw 8 of its levels.
You also visited: Ossuary.

You collected 369 gold pieces.
You spent 24 gold pieces at shops.

Inventory:

Hand Weapons
 a - a +2 sling of electrocution
Missiles
 B - 8 boomerangs (quivered)
Armour
 i - a +0 buckler (worn)
Jewellery
 e - an amulet of reflection (around mantle)
 p - a ring of positive energy (left tentacle)
 s - an amulet of guardian spirit
 y - a ring of poison resistance (right tentacle)
 G - a +6 ring of dexterity (on tentacle)
Talismans
 b - a beast talisman
 c - a flux talisman
Wands
 m - a wand of polymorph (17)
 r - a wand of paralysis (12)
 H - a wand of flame (21)
Scrolls
 d - 2 scrolls of fear
 g - 2 scrolls of vulnerability {unknown}
 k - 2 scrolls of enchant weapon {unknown}
 l - 2 scrolls of teleportation {unknown}
 n - 3 scrolls of amnesia {unknown}
 o - 5 scrolls of revelation {unknown}
 t - a scroll of butterflies {unknown}
 u - a scroll of fog {unknown}
 x - a scroll of torment {unknown}
 E - 3 scrolls of enchant armour {unknown}
 F - 2 scrolls of noise {unknown}
 I - a scroll of blinking {unknown}
Potions
 f - 9 potions of curing
 h - 3 potions of invisibility
 j - a potion of lignification
 q - 2 potions of might
 v - a potion of magic {unknown}
 w - 2 potions of degeneration {unknown}
 z - 2 potions of mutation
 A - a potion of brilliance {unknown}
 C - a potion of haste {unknown}
 D - 2 potions of enlightenment {unknown}
 J - a potion of cancellation {unknown}


   Skills:
 + Level 5.0 Fighting
 - Level 5.0 Dodging
 + Level 4.7 Shields
 + Level 5.7 Unarmed Combat
 - Level 0.9 Spellcasting
 + Level 4.5 Invocations
 + Level 4.7 Evocations
 * Level 7.1 Shapeshifting


You had 9 spell levels left.
You didn't know any spells.
Your spell library contained the following spells:

 Spells                   Type           Power      Damage    Failure   Level
 Magic Dart               Conj           0%         1d3       36%         1
 Searing Ray              Conj           0%         2d4       52%         2
 Fulminant Prism          Conj/Alch      0%         3d5       98%         4


Dungeon Overview and Level Annotations

Branches:
Dungeon (7/15)             Temple (1/1) D:4         Ossuary (visited)

Altars:
Ashenzari
Cheibriados
Elyvilon
Fedhas
Gozag
Hepliaklqana
Kikubaaqudgha
Makhleb
Nemelex Xobeh
Okawaru
Qazlal
Ru
Sif Muna
Trog
Uskayaw
Vehumet
Wu Jian
Xom
Yredelemnul
Zin
The Shining One

Shops:
D:3 [   D:5 *

Annotations:
D:7 1 runed translucent door, Crazy Yiuf


Innate Abilities, Weirdness & Mutations

You are a hulking beast.
Your limbs bulge with bestial killing power. (Slay +4)
You cannot wear most types of armour.
You are amphibious.
You can wear up to eight rings at the same time.
Your skin changes colour to match your surroundings (Stealth+).
Your rubbery body absorbs attacks. (AC +1, EV +1)
((You are camouflaged when in or above water. (Stealth+)))
You have tentacles for arms and can constrict up to eight enemies at once.


Message History

You constrict the quasit, but do no damage.
The quasit bites you.
You feel clumsy. You block the quasit's attack. The quasit barely misses you.
You tentacle-slap the quasit but do no damage.
You squeeze the quasit!
You kill the quasit!
Qazlal accepts your kill.
You closely miss the water moccasin. Your grab misses the water moccasin.
The water moccasin bites you!
* * * LOW HITPOINT WARNING * * *
You tentacle-slap the water moccasin. You grab the water moccasin.
You squeeze the water moccasin!
The water moccasin is severely wounded.
You constrict the water moccasin. The water moccasin bites you.
* * * LOW HITPOINT WARNING * * *
You block the water moccasin's attack.
You tentacle-slap the water moccasin.
The water moccasin is almost dead.
You constrict the water moccasin, but do no damage.
You block the water moccasin's attack.
The orc wizard gestures wildly while chanting.
The orc wizard flickers and vanishes!
Deactivating autopickup; reactivate with Ctrl-A.
You tentacle-slap the water moccasin.
You kill the water moccasin!
Qazlal accepts your kill.
Your Fighting skill increases to level 5!
Unknown command.
You tentacle-slap the quasit.
You kill the quasit!
Qazlal accepts your kill.
Unknown command.
You miss something. Something hits you.
* * * LOW HITPOINT WARNING * * *
You feel better.
You hear some strange, mumbled words.
A puff of flame appears from out of thin air!
The puff of flame hits you!
You die...

#.#....####......
#...............#
#....#.########.#
#....#.#..)....). #
#....#.#.######.#
..######.##.##.###.#
#.#
...............)...#
#.#
.....|.#.#####)#.#.#
#.#
.......'....h{o....#
#.#
.......#######o#.###
...
.......'.oS.o..#.#
... ......)#####5#.#
# #..........5..#
+........o....#
#......$......#
#............##
######+#+##+##


You could see 2 orc priests.

Vanquished Creatures
  2 fire bats (D:4)
  2 water moccasins (D:7)
  3 ice beasts
  A black bear (D:5)
  A sky beast (D:5)
  An ogre (D:6)
  2 centaurs
  2 phantoms (D:5)
  A kobold brigand (D:6)
  A bullfrog (D:7)
  7 scorpions
  A howler monkey (D:4)
  A human zombie (Ossuary)
  3 bombardier beetles
  2 centaur zombies (Ossuary)
  5 quasits (D:7)
  3 orc priests
  2 jellies
  A gnoll bouda (D:6)
  6 hounds
  3 iguanas
  Natasha (thrice) (D:2)
  3 scorpion zombies (Ossuary)
  3 orc wizards
  3 mummies (Ossuary)
  7 gnolls (D:6)
  8 adders
  4 shadow imps
  3 white imps
  2 adder zombies (Ossuary)
  2 dart slugs
  2 ribbon worms
  13 orcs
  6 endoplasms
  A giant cockroach (D:2)
  3 gnoll zombies (Ossuary)
  9 goblins
  A hobgoblin (D:1)
  2 quokkas
  3 ball pythons
  2 ball python zombies (Ossuary)
  5 bats
  3 frilled lizards
  A goblin zombie (D:6)
  12 kobolds
  4 orc zombies (Ossuary)
  2 rats (D:1)
  A rat zombie (D:6)
158 creatures vanquished.

Notes
Turn   | Place    | Note
-------+----------+-------------------------------------------
     0 | D:1      | LeprechaunX the Octopode Shapeshifter began the quest for
                  | the Orb.
     0 | D:1      | Reached XP level 1. HP: 13/13 MP: 1/1
   147 | D:1      | Reached XP level 2. HP: 18/18 MP: 2/2
   868 | D:2      | Reached XP level 3. HP: 16/23 MP: 3/3
   886 | D:2      | Noticed Natasha
   892 | D:2      | Killed Natasha
   893 | D:2      | Reached XP level 4. HP: 23/29 MP: 4/4
   922 | D:2      | Noticed Natasha
   927 | D:2      | Killed Natasha
   943 | D:2      | Noticed Natasha
   949 | D:2      | Killed Natasha
   950 | D:2      | Reached skill level 1 in Shields
   986 | D:2      | Reached XP level 5. HP: 34/34 MP: 5/5
  1134 | D:2      | Reached skill level 4 in Shapeshifting
  1329 | D:3      | Found a transporter.
  1329 | D:3      | Found Tayph's Armour Shop.
  1818 | D:3      | Found a transporter.
  2100 | D:4      | Found a transporter.
  2135 | D:4      | Reached XP level 6. HP: 29/40 MP: 6/6
  2158 | D:4      | Reached skill level 1 in Evocations
  2317 | D:4      | Found a staircase to the Ecumenical Temple.
  2329 | Temple   | Entered the Ecumenical Temple
  2375 | Temple   | Became a worshipper of Qazlal Stormbringer
  2673 | D:4      | Found a transporter.
  2675 | D:4      | Noticed a fire bat
  2675 | D:4      | Noticed a fire bat
  3183 | D:4      | Killed a fire bat
  3184 | D:4      | Reached XP level 7. HP: 40/45 MP: 8/8
  3188 | D:4      | Killed a fire bat
  3189 | D:4      | Reached skill level 1 in Invocations
  3316 | D:5      | Entered Level 5 of the Dungeon
  3486 | D:5      | Reached skill level 5 in Shapeshifting
  3824 | D:5      | Reached XP level 8. HP: 51/52 MP: 9/9
  3898 | D:5      | Found the +0 toga "Victory" {*Victory Clar}
  4007 | D:5      | Found Vedin's General Store.
  4015 | D:5      | Bought a scroll of identify for 24 gold pieces
  4403 | D:5      | Found a white marble altar of Elyvilon.
  4472 | D:5      | Found a blossoming altar of Fedhas.
  4860 | D:6      | Found a sand-covered staircase.
  4894 | Ossuary  | Entered an ossuary
  4965 | Ossuary  | Reached * piety under Qazlal
  5015 | Ossuary  | Reached skill level 6 in Shapeshifting
  5028 | Ossuary  | Reached XP level 9. HP: 49/58 MP: 11/11
  5065 | Ossuary  | Reached skill level 5 in Unarmed Combat
  5432 | D:6      | Reached ** piety under Qazlal
  5646 | D:6      | Found a hazy altar of Hepliaklqana.
  5817 | D:6      | Reached skill level 5 in Dodging
  6565 | D:7      | Found a runed translucent door.
  6566 | D:7      | Noticed Crazy Yiuf
  6911 | D:7      | Reached skill level 7 in Shapeshifting
  7000 | D:7      | Reached skill level 5 in Fighting
  7002 | D:7      | Killed from afar by an orc wizard

Illustrated notes

Levels and vault maps discovered:
D:1:      psy_arrival_dodecagon, layout_loops_ring
D:2:      layout_rooms, uniq_natasha
D:3:      layout_basic, serial_shops, nicolae_shop_drivethru
D:4:      gammafunk_cloud_chamber, layout_loops_ring,
          minmay_temple_entry_junction_2, nicolae_elevator_lobby_plus
D:5:      minmay_razor_zed, layout_basic, mainiacjoe_overflow_catch_the_wave,
          nicolae_stop_n_shop_2
D:6:      layout_basic, marbit_many_paths, enter_ossuary_4, kennysheep_donut
D:7:      layout_basic, serial_shops, shop, serial_demonic, serial_demonic_e,
          serial_demonic_e, serial_demonic_d, serial_demonic_c,
          uniq_crazy_yiuf_cottage, uniq_joseph
Temple:   mainiacjoe_temple_coin_purse

Skill      XL: |  1  2  3  4  5  6  7  8  9 |
---------------+----------------------------+-----
Fighting       | 2 3 4 5 |  5.0
Shields        | 1 2 3 4 |  4.7
Shapeshifting  | 4 5 6 7 |  7.1
Dodging        | 3 4 5 |  5.0
Evocations     | 1 2 3 4 |  4.7
Unarmed Combat | 4 5 |  5.7
Invocations    | 1 3 4 |  4.5
Spellcasting   | |  0.9

Action                     |  1- 3 |  4- 6 |  7- 9 || total
---------------------------+-------+-------+-------++-------
  Melee: Unarmed           |    39 |    66 |   283 ||   388
         Tentacles         |    12 |    11 |    86 ||   109
         Constrict         |    11 |    19 |    70 ||   100
         Punch             |       |     4 |    17 ||    21
   Fire: Sling             |       |       |     6 ||     6
    Use: Potion            |       |     1 |     1 ||     2
         Scroll            |       |       |     5 ||     5
   Stab: Sleeping          |     4 |     8 |     8 ||    20
 Armour: Skin              |    13 |    16 |    82 ||   111
  Dodge: Dodged            |    15 |    17 |   128 ||   160
  Block: Buckler           |     3 |    27 |   136 ||   166
         Other             |     1 |       |       ||     1
         Reflection        |       |       |     5 ||     5

Table legend: (Time is in decaauts)
 A = Elapsed time spent in this place.
 B = Non-inter-level travel time spent in this place.
 C = Inter-level travel time spent in this place.
 D = Time resting spent in this place.
 E = Time spent auto-exploring this place.
 F = Levels seen in this place.
 G = Mean time per level.
                   A        B        C        D        E       F      G
               +--------+--------+--------+--------+--------+-----+--------+
         Total |   7003 |   6516 |    487 |    711 |   4564 |   9 |  778.1 |
       Dungeon |   6499 |   6012 |    487 |    688 |   4328 |   7 |  928.4 |
        Temple |     55 |     55 |      0 |      0 |      0 |   1 |   55.0 |
       Ossuary |    448 |    448 |      0 |     23 |    236 |   1 |  448.0 |
               +--------+--------+--------+--------+--------+-----+--------+

Top non-repeatable levels by time:
     D:5: 1388 daAuts
     D:4: 1320 daAuts
     D:6: 1310 daAuts
     D:1: 788 daAuts
     D:3: 640 daAuts
     D:2: 526 daAuts
     D:7: 523 daAuts
 Ossuary: 448 daAuts
  Temple: 55 daAuts
